 Dungeon Crawl Stone Soup version 0.31-a0-237-g2d982f9f85 (webtiles) character file.

Game seed: 827400623042964114

51 qw the Shooter (level 3, -3/21 HPs)
             Began as a Gargoyle Hexslinger on July 10, 2023.
             Slain by Sigmund
             ... wielding a +0 heavy scythe
              (11 damage)
             ... on level 3 of the Dungeon.
             The game lasted 00:00:34 (1641 turns).

qw the Shooter (Gargoyle Hexslinger)                Turns: 1641, Time: 00:00:35

Health: -3/21      AC: 10    Str: 15    XL:     3   Next: 81%
Magic:  0/0        EV: 10    Int: 13    God:
Gold:   115        SH:  0    Dex: 14    Spells: 3/4 levels left

rFire   . . .        Y - +2 sling
rCold   . . .        (no shield)
rNeg    + . .        g - +0 ring mail
rPois   inf          c - +1 helmet of an ice cave {Rampage rElec MP-9 Str+4}
rElec   +            (no cloak)
rCorr   +            (no gloves)
SInv    .            (no boots)
Will    .....        (no amulet)
Stlth   +            b - ring of resist corrosion
HPRegen 0.23/turn    (no ring)
MPRegen 0.07/turn

%: rampage
@: no status effects
A: sickness immunity, AC +3, negative energy resistance 1, electricity
resistance, torment resistance 1, petrification resistance
a: no special abilities


You were on level 3 of the Dungeon.
You visited 1 branch of the dungeon, and saw 3 of its levels.

You collected 115 gold pieces.


Innate Abilities, Weirdness & Mutations

You are immune to sickness and miasma.
Your stone body is resilient. (AC +3)
You are immune to poison.
You resist negative energy. (rN+)
You are resistant to electric shocks. (rElec)
You are resistant to unholy torment.
You are immune to petrification.


   Skills:
 - Level 2.0 Fighting
 + Level 3.6 Ranged Weapons
 - Level 1.5 Dodging
 - Level 1.0 Spellcasting
 - Level 2.6 Hexes


You had 3 spell levels left.
You knew the following spells:

 Your Spells              Type           Power      Damage    Failure   Level
a - Slow                  Hex            28%        N/A       19%         1

Your spell library contained the following spells:

 Spells                   Type           Power      Damage    Failure   Level
 Inner Flame              Hex/Fire       4%         N/A       67%         3
 Portal Projectile        Hex/Tloc       8%         N/A       67%         3
 Cause Fear               Hex            3%         N/A       88%         4

Inventory:

Hand Weapons
 Y - a +2 sling (weapon)
Armour
 c - the +1 helmet of an ice cave (worn) {Rampage rElec MP-9 Str+4}
   (You acquired it on level 2 of the Dungeon)

   Str:       It affects your strength (+4).
   rElec:     It insulates you from electricity.
   MP:        It affects your magic capacity (-9).
   Rampage:   It bestows one free step when moving towards enemies.
 g - a +0 ring mail (worn)
Jewellery
 b - a ring of resist corrosion (left hand)
Scrolls
 j - a scroll of identify
Potions
 a - a potion of degeneration {unknown}
 d - a potion of heal wounds
 e - a potion of might {unknown}
 f - a potion of curing {unknown}
 h - a potion of resistance

Dungeon Overview and Level Annotations

Branches:
Dungeon (3/15)

Altars:

Annotations:
D:3 Sigmund


Message History

As you read the scroll labelled LIQUWN LIWOUMA, it crumbles to dust.
You assume a fearsome visage.
Nothing appears to happen.
It was a scroll of fear.
Done exploring.
1631 ||| READING scroll labelled SEXYUWNE XITSA.
As you read the scroll labelled SEXYUWNE XITSA, it crumbles to dust.
You hear a loud clanging noise!
It was a scroll of noise.
Done exploring.
1632 ||| DRINKING 2 golden potions.
It was a potion of magic.
Magic courses through your body.
Done exploring.
1633 ||| DROPPING potion of magic.
You drop a potion of magic.
Done exploring.
(D) Dungeon
Where to? (* - list waypoints, Enter - D:3, ? - help)
What level of the Dungeon? (default 1, ? - help)
You climb downwards.
You hear the sound of rushing water.
There is an entrance to a sewer on this level.
Hurry and find it before the portal rusts away!
Level annotation: Sigmund You hear the rusting of a distant drain.
There is a stone staircase leading up here.
A worm is nearby!
You shoot a sling bullet. The sling bullet hits the worm.
The worm is moderately wounded.
You shoot a sling bullet. The sling bullet hits the worm.
The worm is severely wounded.
Sigmund casts a spell.
Sigmund flickers and vanishes!
Deactivating autopickup; reactivate with Ctrl-A.
You shoot a sling bullet. The sling bullet hits the worm!
You kill the worm!
Something hits you!
Ouch! That really hurt!
You shoot a sling bullet. You shoot a sling bullet. Something hits you!
Ouch! That really hurt!
You die...

.. #. ## #.##. ..# .#
#... ..# ...# #..## ...#
# #...#...##...# #.
#..........# ## #.
....#.....#...# . ##
.:......#.# #..#.#
........#@### ...#
........#.<.###..###
.w.................. #.
.#.........[.....# ...
.........##.##..#####....
#..####..........#... #.#
. ###..........# ...
###.##.....##...#
#.##.........#


There were no monsters in sight!

Vanquished Creatures
  3 worms
  A dart slug (D:3)
  An orc (D:3)
  A bat (D:1)
  3 endoplasms
  4 giant cockroaches
  4 goblins
  5 hobgoblins
  2 quokkas (D:2)
  2 ball pythons (D:1)
  2 frilled lizards
  4 kobolds
  3 rats
35 creatures vanquished.

Notes
Turn   | Place    | Note
-------+----------+-------------------------------------------
     0 | D:1      | qw the Gargoyle Hexslinger began the quest for the Orb.
     0 | D:1      | Reached XP level 1. HP: 12/12 MP: 2/2
     0 | D:1      | 0 ||| qw: Version: 0.3-a-52-g30416fa
     0 | D:1      | 0 ||| qw: Game counter: 5204
     0 | D:1      | 0 ||| qw: Melee chars always use a shield: true
     0 | D:1      | 0 ||| qw: God list: Okawaru
     0 | D:1      | 0 ||| qw: Allow faded altars: false
     0 | D:1      | 0 ||| qw: Do Orc after clearing Dungeon:15 true
     0 | D:1      | 0 ||| qw: Do second Lair branch before Depths: true
     0 | D:1      | 0 ||| qw: Lair rune preference: random
     0 | D:1      | 0 ||| qw: Goals: Normal
     0 | D:1      | 0 ||| PLANNING D:1-11
   114 | D:1      | Found a faded altar of an unknown god.
   172 | D:1      | Reached XP level 2. HP: 16/16 MP: 3/3
   285 | D:1      | Reached skill level 3 in Ranged Weapons
   644 | D:1      | 644 ||| READING scroll labelled DEDOAS BEYRI.
   645 | D:1      | 645 ||| READING scroll labelled HEISOE XAOBAXOLLA.
   646 | D:1      | 646 ||| DROPPING scroll of poison.
   676 | D:2      | HP: 3/16 [worm (7)]
   767 | D:2      | Reached XP level 3. HP: 21/21 MP: 4/4
   962 | D:2      | Identified the +0 leather armour "Kiuf" {Str+4 Dex-3}
  1409 | D:2      | 1409 ||| UPGRADING to +0 leather armour.
  1419 | D:2      | 1419 ||| DROPPING +0 robe.
  1420 | D:2      | 1420 ||| UPGRADING to +0 ring mail.
  1430 | D:2      | 1430 ||| DROPPING +0 leather armour.
  1431 | D:2      | 1431 ||| DROPPING +0 leather armour "Kiuf" {Str+4 Dex-3}.
  1432 | D:2      | 1432 ||| READING scroll labelled HATZUTYBUA.
  1433 | D:2      | 1433 ||| READING scroll labelled HUNAIGUOLU.
  1438 | D:2      | 1438 ||| DRINKING 2 glowing cyan potions.
  1439 | D:2      | 1439 ||| DRINKING 2 puce potions.
  1464 | D:3      | 1464 ||| PLANNING SEWER
  1587 | D:3      | Noticed Sigmund
  1590 | D:3      | 1590 ||| FLEEEEING.
  1591 | D:3      | 1591 ||| FLEEEEING.
  1592 | D:3      | 1592 ||| FLEEEEING.
  1595 | D:3      | 1595 ||| STAIRDANCE
  1622 | D:2      | 1622 ||| UPGRADING to ring of resist corrosion.
  1623 | D:2      | 1623 ||| READING scroll labelled ANAORU PUVUDIL.
  1623 | D:2      | Identified a scroll of acquirement
  1623 | D:2      | 1623 ||| ACQUIRING +1 helmet of an ice cave {Rampage rElec
                  | MP-9 Str+4}
  1623 | D:2      | Acquired the +1 helmet of an ice cave {Rampage rElec MP-9
                  | Str+4}
  1625 | D:2      | 1625 ||| UPGRADING to +1 helmet of an ice cave {Rampage
                  | rElec MP-9 Str+4}.
  1630 | D:2      | 1630 ||| READING scroll labelled LIQUWN LIWOUMA.
  1631 | D:2      | 1631 ||| READING scroll labelled SEXYUWNE XITSA.
  1632 | D:2      | 1632 ||| DRINKING 2 golden potions.
  1633 | D:2      | 1633 ||| DROPPING potion of magic.
  1641 | D:3      | Slain by Sigmund

Levels and vault maps discovered:
D:1:      denvon_arrival_waterhouse, layout_loops_ring,
          dreamdust_ecumenical_altar_grove
D:2:      layout_loops_ring, serial_forest, infiniplex_forest_end_2,
          infiniplex_forest_straight_3, infiniplex_forest_lined_1,
          infiniplex_forest_clump_small, infiniplex_forest_straight_4,
          infiniplex_forest_end_double, infiniplex_forest_lined_ring,
          infiniplex_forest_straight_4
D:3:      layout_rooms, kennysheep_ying_yang, portal_sewer_entry_b, st_stairs_7,
          uniq_sigmund

Skill      XL: |  1  2 |
---------------+-------+-----
Ranged Weapons | 3 |  3.6
Fighting       | 2 |  2.0
Dodging        | |  1.5
Spellcasting   | |  1.0
Hexes          | |  2.6

Action                     || total
---------------------------++-------
   Fire: Sling             ||    96
    Use: Scroll            ||     7
         Potion            ||     3
 Armour: Robe              ||     6
         Ring mail         ||     5
  Dodge: Dodged            ||    15

Table legend:
 A = Non-vault XP
 B = Vault XP
 C = Vault XP percentage of total XP
 D = Non-vault monster count
 E = Vault monster count
 F = Vault count percentage of total count
                 A         B        C        D         E       F
            +---------+---------+-------+---------+---------+-------
      Total |      68 |       5 |   6.8 |      34 |       1 |   2.9
            +---------+---------+-------+---------+---------+-------
        D:1 |      28 |       0 |   0.0 |      17 |       0 |   0.0
        D:2 |      22 |       0 |   0.0 |       9 |       0 |   0.0
        D:3 |      18 |       5 |  21.7 |       8 |       1 |  11.1
            +---------+---------+-------+---------+---------+-------
